 Dungeon Crawl Stone Soup version 0.19.3-4-gbf9329e (webtiles) character file.

87938 pib the Grappler (level 15, 152/152 HPs)
             Began as a Troll Fighter on Jan 22, 2017.
             Was a High Priest of Okawaru.
             Quit the game on level 2 of the Swamp on Jan 28, 2017.
             The game lasted 01:51:39 (28950 turns).

pib the Grappler (Troll Fighter)                   Turns: 28950, Time: 01:51:40

Health: 152/152    AC: 15    Str: 28    XL:     15   Next: 45%
Magic:  28/28      EV: 15    Int:  5    God:    Okawaru [*****.]
Gold:   1747       SH: 12    Dex: 13    Spells: 0 memorised, 14 levels left

rFire  . . .     SeeInvis .       - Unarmed
rCold  . . .     Gourm    +     B - +0 swamp dragon scales
rNeg   . . .     Faith    +     b - +0 shield
rPois  +         Spirit   .     S - +2 hat
rElec  .         Reflect  .     c - +0 cloak
rCorr  .         Harm     .     (gloves unavailable)
MR     ++...                    (boots unavailable)
Stlth  +.........               a - amulet of faith
                                K - ring of magical power
                                n - ring of protection from magic

@: drained
A: unfitting armour, claws 3, fast metabolism 3, gourmand, regeneration 1,
shaggy fur 1, tough skin 2
a: Heroism, Finesse, Renounce Religion


You were on level 2 of the Swamp.
You worshipped Okawaru.
Okawaru was extremely pleased with you.
You were very hungry.

You visited 6 branches of the dungeon, and saw 26 of its levels.
You also visited: Ossuary.

You collected 2455 gold pieces.
You spent 708 gold pieces at shops.

Inventory:

Hand Weapons
 y - a +2 hunting sling of flaming
 N - a +5 hunting sling of velocity
Missiles
 P - 168 sling bullets
 R - 12 large rocks (quivered)
Armour
 b - a +0 shield (worn)
 c - a +0 cloak (worn)
 u - the +1 robe "Nomy" {rElec MR- Regen+ Dex+4 Slay+2}
   (Okawaru gifted it to you on level 1 of the Swamp)

   It affects your dexterity (+4).
   It affects your accuracy and damage with ranged weapons and melee attacks
   (+2).
   It insulates you from electricity.
   It affects your resistance to hostile enchantments.
   It increases your rate of regeneration.
 B - +0 swamp dragon scales (worn)
 C - a +1 animal skin
 L - a +2 robe of magic resistance
 O - a +2 troll leather armour
 S - a +2 hat (worn)
Jewellery
 a - an amulet of faith (around neck)
 n - a ring of protection from magic (left claw)
 H - an uncursed amulet of harm {unknown}
 K - a ring of magical power (right claw)
 X - a +3 ring of intelligence
Wands
 w - a wand of teleportation (1/9)
 A - a wand of digging (7/24)
 F - a wand of disintegration (0/24)
 W - a wand of digging (5/24)
Scrolls
 g - 6 scrolls of identify
 h - 6 scrolls of teleportation
 l - 14 scrolls of remove curse
 o - 9 scrolls of fog
 p - a scroll of enchant weapon
 q - 3 scrolls of fear
 s - 6 scrolls of magic mapping
 x - 5 scrolls of amnesia
 Q - 2 scrolls of blinking
Potions
 e - a potion of lignification {unknown}
 i - 4 potions of berserk rage
 j - 6 potions of curing
 r - 3 potions of magic
 t - 4 potions of brilliance
 v - a potion of cancellation {unknown}
 z - 5 potions of agility
 G - a potion of heal wounds
 I - 2 potions of invisibility {unknown}
 T - 2 potions of beneficial mutation {unknown}
 U - 2 potions of haste {unknown}
 Z - a potion of flight {unknown}
Books
 f - a book of Callings

   Spells                             Type                      Level
   a - Summon Small Mammal            Summoning                    1
   b - Call Imp                       Summoning                    2
   c - Call Canine Familiar           Summoning                    3
   d - Summon Guardian Golem          Hexes/Summoning              3
   e - Summon Lightning Spire         Summoning/Air                4
   f - Summon Ice Beast               Ice/Summoning                4
 M - a Fen Folio

   Spells                             Type                      Level
   a - Corpse Rot                     Necromancy                   2
   b - Stone Arrow                    Conjuration/Earth            3
   c - Leda's Liquefaction            Hexes/Earth                  4
   d - Summon Forest                  Summoning/Translocation      5
   e - Hydra Form                     Transmutation                6
   f - Summon Hydra                   Summoning                    7
Miscellaneous
 J - a phial of floods
Comestibles
 d - 11 bread rations
 k - 10 meat rations
 m - a royal jelly
 D - 4 beef jerkies
 E - 13 slices of pizza
 V - 4 fruits


   Skills:
 + Level 10.9 Fighting
 - Level 2.4(3.4) Slings
 + Level 4.8(5.3) Throwing
 + Level 6.2 Armour
 + Level 11.0 Dodging
 - Level 11.0 Shields
 + Level 12.6 Unarmed Combat
 - Level 7.0 Invocations


You had 14 spell levels left.
You didn't know any spells.

Dungeon Overview and Level Annotations

Branches:
Dungeon (15/15)            Temple (1/1) D:4            Lair (5/6) D:9
  Swamp (2/4) Lair:4       Spider (1/4) Lair:4        Slime (0/5) Lair:5
    Orc (2/2) D:12            Elf (0/3) Orc:2        Vaults (0/5) D:13
 Depths (0/5) D:15

Altars:
Ashenzari
Cheibriados
Dithmenos
Elyvilon
Fedhas
Gozag
Hepliaklqana
Kikubaaqudgha
Makhleb
Nemelex Xobeh
Okawaru
Qazlal
Ru
Sif Muna
Trog
Uskayaw
Vehumet
Xom
Yredelemnul
Zin
The Shining One
Beogh
Jiyva

Shops:
D:12 ((   D:14 [:   Orc:2 [(?:%

Annotations:
D:2 1 runed door
Swamp:2 Donald


Innate Abilities, Weirdness & Mutations

You are too large for most types of armour.
You have claws for hands.
Your metabolism is lightning-fast.
You like to eat raw meat.
Your natural rate of healing is unusually fast.
You are covered in fur. (AC +1)
You have very tough skin. (AC +2)


Message History

Okawaru accepts your kill.
You kill the hornet!
Okawaru accepts your kill.
No target in view!
You now have 1747 gold pieces (gained 19).
You see here a spear.
You start resting.
HP restored.
You are feeling very hungry.
You see here a leather armour.
Level annotation: Donald Welcome back, pib the Troll Fighter.
Okawaru says: Bring me glory in combat!
Press ? for a list of commands and other information.
Save game and exit?
Okay, then.
Quiver which item? (- for none, * to show all) (? for menu, Esc to quit)
Okay, then.
Okay, then.
Are you sure you want to abandon this character and quit the game? (Confirm with "yes".)

♣..≈≈....≈.≈...≈......♣♣
♣.≈..≈≈≈...§.....♣♣.♣♣♣
♣≈...≈≈.≈≈.....♣.♣♣♣♣
♣♣≈≈...........≈..♣ ♣
♣....#####.##..≈..♣ ♣♣≈♣
♣.≈..#......#..≈.♣♣≈.≈≈♣
♣≈.≈.#.#..#.#..[.♣..≈≈.♣
♣♣≈..#......#..≈.≈≈≈≈♣
♣....####)###@!♣≈..≈♣♣
♣♣≈..........)♣♣♣≈..≈..i
♣≈≈.##...#.##♣ ....≈≈.
♣..###...### D♣♣.≈≈≈≈
♣.## ##...# ....≈≈≈≈≈
♣.# #..## #....≈≈≈≈§
♣♣♣####...###≈≈§≈≈≈≈≈.≈
♣..........≈≈≈≈§.
♣♣♣♣♣♣♣♣♣.≈≈.≈≈..


There were no monsters in sight!

Vanquished Creatures
  A yaktaur captain (D:15)
  Erolcha (D:12)
  3 hydras
  A ghost crab (Swamp:2)
  A centaur warrior (D:15)
  A death knight (D:15)
  6 orc high priests (Orc:2)
  8 alligators
  10 death yaks (Lair:4)
  Urug (Lair:5)
  The ghost of StormySan the Basher, a novice GrFi of Makhleb (D:9)
  7 skeletal warriors
  A wizard (D:14)
  An unseen horror (D:13)
  A spriggan druid (Swamp:2)
  A shambling mangrove (Swamp:1)
  6 hill giants
  A swamp dragon (Swamp:2)
  Pikel (D:5)
  A wolf spider zombie (D:15)
  2 necromancers (D:13)
  An ugly thing (D:11)
  3 orc sorcerers
  8 orc knights (Orc:2)
  3 manticores
  9 elephants
  Joseph (D:10)
  4 cyclopes
  2 black mambas
  7 spiny frogs
  A yaktaur (D:15)
  4 rime drakes
  4 komodo dragons
  2 freezing wraiths
  6 kobold demonologists
  A yaktaur (shapeshifter) (D:14)
  2 polar bears (D:9)
  9 trolls
  8 hornets
  A tyrant leech (Swamp:1)
  7 slime creatures
  A two-headed ogre (D:10)
  Prince Ribbit (Lair:1)
  14 hippogriffs
  17 blink frogs
  3 bog bodies (Swamp:1)
  A tarantella (Lair:4)
  Sigmund (D:2)
  4 spriggans
  2 wraiths
  A human (D:7)
  2 redbacks (Lair:4)
  7 wyverns (Lair:5)
  3 shadows
  5 basilisks
  19 yaks
  Grum (D:9)
  4 hogs (D:7)
  5 vampire mosquitoes
  2 hungry ghosts (D:14)
  Menkaure (D:7)
  3 wargs
  A mottled dragon (D:11)
  8 swamp worms
  A soldier ant (D:15)
  9 water moccasins
  6 porcupines
  3 black bears
  8 ice beasts
  30 orc warriors
  A phantom (D:4)
  A hornet zombie (D:14)
  2 sky beasts
  6 swamp drakes
  6 ogres
  9 wolves
  12 centaurs
  2 eyes of draining
  3 big kobolds
  8 crocodiles
  17 bullfrogs
  Dowan (D:5)
  2 wyvern zombies
  4 scorpions
  4 wights (D:13)
  11 killer bees
  7 howler monkeys
  2 electric eels (D:9)
  The ghost of Megalobster the Conjurer, a weakling DECj (D:4)
  A bullfrog zombie (D:9)
  6 crimson imps
  6 hounds
  2 bullfrog skeletons
  3 centaur skeletons
  4 jellies
  40 orc priests
  17 orc wizards
  5 iguanas
  10 worker ants
  4 hell rats (Lair:1)
  6 hound skeletons
  A mummy (Ossuary)
  5 gnolls
  A howler monkey skeleton (D:9)
  9 adders
  3 river rats (Lair:1)
  6 shadow imps
  3 white imps (D:9)
  An ooze (D:3)
  An adder zombie (D:6)
  2 worms (D:2)
  2 dart slugs (D:1)
  6 leopard geckos
  86 orcs
  2 ball pythons
  A giant cockroach (D:2)
  7 hobgoblins
  15 jackals
  8 quokkas
  A ball python skeleton (D:4)
  4 bats
  3 frilled lizards
  3 gnoll skeletons (Ossuary)
  7 goblins
  26 kobolds
  12 kobold skeletons (Ossuary)
  10 orc skeletons (Ossuary)
  18 rats
  A fungus (D:9)
749 creatures vanquished.

Vanquished Creatures (others)
  Duvessa (D:5)
  A crimson imp (D:5)
  2 gnolls (D:5)
  9 fungi
  7 plants
20 creatures vanquished.

Grand Total: 769 creatures vanquished

Notes
Turn   | Place    | Note
-------+----------+-------------------------------------------
     0 | D:1      | pib the Troll Fighter began the quest for the Orb.
     0 | D:1      | Reached XP level 1. HP: 22/22 MP: 0/0
   119 | D:1      | Reached XP level 2. HP: 29/29 MP: 1/1
   456 | D:1      | Reached XP level 3. HP: 36/36 MP: 2/2
   777 | D:2      | Reached skill level 3 in Unarmed Combat
   942 | D:2      | Found a hide-covered altar of Uskayaw.
  1075 | D:2      | Found a runed door.
  1190 | D:2      | HP: 1/36 [gnoll/spear (5)]
  1192 | D:2      | Reached XP level 4. HP: 2/44 MP: 3/3
  1296 | D:2      | Noticed Sigmund
  1306 | D:2      | Killed Sigmund
  1306 | D:2      | Reached XP level 5. HP: 47/53 MP: 4/4
  1632 | D:3      | Reached skill level 4 in Unarmed Combat
  1638 | D:3      | Reached XP level 6. HP: 24/61 MP: 5/5
  1967 | D:3      | Found an iron altar of Okawaru.
  2331 | D:4      | Found a basalt altar of Yredelemnul.
  2572 | D:4      | Found a sparkling altar of Nemelex Xobeh.
  2693 | D:4      | Found a blossoming altar of Fedhas.
  2879 | D:4      | Noticed Megalobster's ghost (weakling DECj)
  2917 | D:4      | Killed Megalobster's ghost
  2921 | D:4      | Reached XP level 7. HP: 42/71 MP: 6/6
  3102 | D:4      | Found a shadowy altar of Dithmenos.
  3212 | D:4      | Found a staircase to the Ecumenical Temple.
  3219 | Temple   | Entered the Ecumenical Temple
  3451 | D:3      | Became a worshipper of Warmaster Okawaru
  3487 | D:5      | Entered Level 5 of the Dungeon
  3505 | D:5      | Noticed Duvessa
  3505 | D:5      | Noticed Dowan
  3722 | D:5      | Reached skill level 5 in Unarmed Combat
  3753 | D:5      | Found a radiant altar of Vehumet.
  3929 | D:5      | Noticed Pikel
  3938 | D:5      | Killed Pikel
  3938 | D:5      | Reached * piety under Okawaru
  3938 | D:5      | Reached skill level 5 in Fighting
  3938 | D:5      | Reached skill level 5 in Shields
  3938 | D:5      | Reached XP level 8. HP: 11/80 MP: 7/7
  4031 | D:5      | Killed Duvessa
  4086 | D:5      | Killed Dowan
  4086 | D:5      | Reached skill level 6 in Unarmed Combat
  4571 | D:5      | Reached ** piety under Okawaru
  4782 | D:6      | Found a white marble altar of Elyvilon.
  5279 | D:7      | Noticed Menkaure
  5402 | D:6      | Reached skill level 7 in Unarmed Combat
  5402 | D:6      | Reached skill level 1 in Invocations
  5402 | D:6      | Reached XP level 9. HP: 77/89 MP: 8/8
  5533 | D:7      | Reached *** piety under Okawaru
  5770 | D:7      | Reached skill level 8 in Unarmed Combat
  5950 | D:7      | Killed Menkaure
  5950 | D:7      | Reached **** piety under Okawaru
  6546 | D:8      | Reached XP level 10. HP: 89/98 MP: 12/12
  6669 | D:8      | Found a sand-covered staircase.
  6678 | Ossuary  | Entered an ossuary
  6975 | D:8      | Found a burning altar of Makhleb.
  7016 | D:8      | Found a hazy altar of Hepliaklqana.
  7218 | D:8      | Upgraded the game from 0.19.1-28-ge1247f7 to 0.19.3
  7482 | D:9      | Reached skill level 9 in Unarmed Combat
  7482 | D:9      | Reached skill level 5 in Invocations
  7655 | D:9      | Found a glowing silver altar of Zin.
  7926 | D:9      | Noticed Grum
  7927 | D:9      | Reached ***** piety under Okawaru
  7933 | D:9      | Killed Grum
  7978 | D:9      | Noticed StormySan's ghost (novice GrFi)
  7990 | D:9      | Killed StormySan's ghost
  8034 | D:9      | Found a staircase to the Lair.
  8222 | D:9      | Found a glowing golden altar of the Shining One.
  8387 | D:10     | Entered Level 10 of the Dungeon
  8605 | D:10     | Received a gift from Okawaru
  8861 | D:10     | Noticed Joseph
  8875 | D:10     | Killed Joseph
  9045 | D:10     | Reached XP level 11. HP: 105/105 MP: 14/14
  9182 | D:11     | Noticed a hill giant
  9525 | D:11     | Killed a hill giant
  9586 | D:11     | Noticed a hill giant
  9603 | D:11     | Killed a hill giant
  9662 | D:11     | Found a glowing golden altar of the Shining One.
  9734 | D:11     | Noticed a purple ugly thing
  9761 | D:11     | Killed a purple ugly thing
 10288 | D:11     | Reached skill level 5 in Dodging
 10359 | D:11     | Received a gift from Okawaru
 10892 | Lair:1   | Entered Level 1 of the Lair of Beasts
 11084 | Lair:1   | Reached skill level 10 in Shields
 11215 | Lair:1   | Noticed Prince Ribbit
 11338 | Lair:1   | HP: 2/105 [blink frog[Prince Ribbit] (16)]
 12042 | Lair:1   | Killed Prince Ribbit
 12225 | Lair:1   | Reached XP level 12. HP: 103/115 MP: 16/16
 14103 | Lair:4   | Noticed a death yak
 14104 | Lair:4   | Noticed a death yak
 14119 | Lair:4   | Noticed a death yak
 14120 | Lair:4   | Noticed a death yak
 14122 | Lair:4   | Noticed a death yak
 14127 | Lair:4   | Noticed a death yak
 14127 | Lair:4   | Killed a death yak
 14134 | Lair:4   | Killed a death yak
 14143 | Lair:4   | Killed a death yak
 14147 | Lair:4   | Killed a death yak
 14161 | Lair:4   | Killed a death yak
 14161 | Lair:4   | Reached skill level 1 in Armour
 14170 | Lair:4   | Killed a death yak
 14170 | Lair:4   | Received a gift from Okawaru
 14494 | Lair:4   | Noticed a death yak
 14496 | Lair:4   | Noticed a death yak
 14524 | Lair:4   | Killed a death yak
 14525 | Lair:4   | Noticed a death yak
 14525 | Lair:4   | Noticed a death yak
 14540 | Lair:4   | Killed a death yak
 14550 | Lair:4   | Killed a death yak
 14550 | Lair:4   | Reached skill level 5 in Armour
 14555 | Lair:4   | Killed a death yak
 14683 | Lair:4   | Found a staircase to the Swamp.
 14738 | Lair:4   | Reached XP level 13. HP: 62/127 MP: 17/17
 15087 | Lair:4   | Found a hole to the Spider Nest.
 15469 | Lair:4   | Reached skill level 10 in Unarmed Combat
 15762 | Lair:5   | Noticed Urug
 15777 | Lair:5   | Killed Urug
 15962 | Lair:5   | Received a gift from Okawaru
 17028 | Lair:5   | Found a viscous altar of Jiyva.
 17028 | Lair:5   | Found a staircase to the Slime Pits.
 17172 | Lair:5   | Reached ****** piety under Okawaru
 17347 | Lair:3   | Received a gift from Okawaru
 17845 | D:12     | Found Iribair's Weapon Shop.
 17861 | D:12     | Bought a +4 hunting sling of velocity for 314 gold pieces
 18057 | D:12     | Reached skill level 1 in Slings
 18267 | D:12     | Found Acif's Weapon Boutique.
 18294 | D:12     | Found a staircase to the Orcish Mines.
 18346 | D:12     | Noticed Erolcha
 18356 | D:12     | Killed Erolcha
 18569 | Orc:1    | Entered Level 1 of the Orcish Mines
 18967 | Orc:2    | Entered Level 2 of the Orcish Mines
 19827 | Orc:2    | Found Budommau's Armour Boutique.
 19951 | Orc:2    | Bought a +0 cloak for 58 gold pieces
 20025 | Orc:2    | Found a staircase to the Elven Halls.
 20051 | Orc:2    | Received a gift from Okawaru
 20057 | Orc:2    | Reached skill level 11 in Unarmed Combat
 20206 | Orc:2    | Reached XP level 14. HP: 81/140 MP: 18/18
 21316 | Orc:2    | Received a gift from Okawaru
 21469 | Orc:2    | Received a gift from Okawaru
 21983 | Orc:2    | Reached skill level 10 in Dodging
 22152 | Orc:2    | Found Tiatoj's Weapon Shoppe.
 22155 | Orc:2    | Found Torhuni's Food Shoppe.
 22156 | Orc:2    | Found Comets's Magic Scroll Shoppe.
 22157 | Orc:2    | Found Yrutiuh's Book Emporium.
 22177 | Orc:2    | Bought a scroll of fog for 28 gold pieces
 22177 | Orc:2    | Bought a scroll of blinking for 105 gold pieces
 22177 | Orc:2    | Bought a scroll of magic mapping for 49 gold pieces
 22177 | Orc:2    | Bought a scroll of blinking for 105 gold pieces
 22177 | Orc:2    | Bought a scroll of magic mapping for 49 gold pieces
 22384 | D:12     | Upgraded the game from 0.19.3 to 0.19.3-1-g3169bf9
 22631 | D:13     | Reached skill level 10 in Fighting
 22765 | D:13     | Found a gate to the Vaults.
 23906 | D:14     | Found a deep blue altar of Sif Muna.
 24091 | D:14     | Found Ikoenir's Book Shoppe.
 24122 | D:14     | Reached skill level 1 in Throwing
 24217 | D:14     | Found Rekhakag's Antique Armour Shoppe.
 24405 | D:14     | Received a gift from Okawaru
 24642 | D:14     | Found a roughly hewn altar of Beogh.
 24665 | D:14     | Reached skill level 12 in Unarmed Combat
 24771 | D:15     | Entered Level 15 of the Dungeon
 25696 | D:15     | Found a staircase to the Depths.
 25758 | D:15     | Reached XP level 15. HP: 152/152 MP: 19/19
 25897 | D:15     | Received a gift from Okawaru
 26128 | Swamp:1  | Entered Level 1 of the Swamp
 26358 | Swamp:1  | Received a gift from Okawaru
 26359 | Swamp:1  | Got a crude robe {god gift}
 26513 | Lair:4   | Identified the +1 robe "Nomy" {rElec MR- Regen+ Dex+4 Slay+2} (Okawaru gifted it to you on level 1 of the Swamp)
 26641 | Lair:4   | Upgraded the game from 0.19.3-1-g3169bf9 to 0.19.3-4-gbf9329e
 26670 | Spider:1 | Entered Level 1 of the Spider Nest
 27890 | Swamp:2  | Paralysed by a hornet for 2 turns
 28178 | Swamp:2  | Noticed Donald
 28950 | Swamp:2  | Quit the game

Skill      XL: |  1  2  3  4  5  6  7  8  9 10 11 12 13 14 15 |
---------------+----------------------------------------------+-----
Unarmed Combat | 3 4 5 7 8 9 11 12 | 12.6
Shields        | 3 4 5 6 7 8 10 11 | 11.0
Fighting       | 3 4 5 6 8 9 10 | 10.9
Invocations    | 1 4 6 7 |  7.0
Dodging        | 3 6 8 9 10 11 | 11.0
Armour         | 5 6 |  6.2
Slings         | 2 |  2.4
Throwing       | 3 4 |  4.8

Action                   |  1- 3 |  4- 6 |  7- 9 | 10-12 | 13-15 || total
-------------------------+-------+-------+-------+-------+-------++-------
Melee: Unarmed           |    91 |   137 |   329 |   791 |  1490 ||  2838
       Quick blade       |       |       |       |     8 |       ||     8
 Fire: Hunting sling     |       |       |       |     2 |    10 ||    12
Throw: Large rock        |       |       |       |       |     4 ||     4
Invok: Heroism           |       |       |     1 |    15 |    21 ||    37
       Finesse           |       |       |       |     8 |    10 ||    18
Evoke: Wand              |       |       |       |     2 |     8 ||    10
       Phial of floods   |       |       |       |       |     1 ||     1
       Sack of spiders   |       |       |       |       |     1 ||     1
  Use: Potion            |     1 |     1 |       |     6 |     8 ||    16
       Scroll            |       |     2 |       |     9 |    25 ||    36
 Stab: Sleeping          |       |     1 |     3 |       |     1 ||     5
       Distracted        |       |       |     1 |     1 |       ||     2
  Eat: Chunk             |    16 |    12 |    33 |    71 |   110 ||   242
       Bread ration      |       |       |     1 |       |     3 ||     4
       Beef jerky        |       |       |       |       |     1 ||     1
Armor: Robe              |    23 |    20 |    36 |       |    27 ||   106
       Animal skin       |       |       |    12 |    72 |    78 ||   162
       Troll leather arm |       |       |       |       |   133 ||   133
       Swamp dragon scal |       |       |       |       |    19 ||    19
Dodge: Dodged            |    21 |    38 |    82 |   205 |   654 ||  1000
Block: Shield            |    38 |    71 |   156 |   315 |   779 ||  1359
